 Dungeon Crawl Stone Soup version 0.31-a0-263-ge8cad7f256 (webtiles) character file.

Game seed: 6171133980982469124

298419 ragingrage the Warrior (level 20, -9/222 HPs)
             Began as a Troll Shapeshifter on July 13, 2023.
             Was an Initiate of Gozag.
             Mangled by an earth elemental (26 damage)
             ... summoned by a deep elf elementalist
             ... on level 3 of the Elven Halls on July 14, 2023.
             The game lasted 01:04:25 (37983 turns).

ragingrage the Warrior (Troll Shapeshifter)        Turns: 37983, Time: 01:04:26

Health: -9/222     AC: 15    Str: 34    XL:     20   Next: 12%
Magic:  0/19       EV: 13    Int:  4    God:    Gozag
Gold:   10919      SH: 13    Dex: 16    Spells: 19/19 levels left

rFire   + . .        r - +8 demon trident "Rift" {distort, reach+}
rCold   . . .        X - +2 kite shield
rNeg    . . .        R - +1 robe {rF+}
rPois   +            U - +2 hat
rElec   .            J - +3 cloak of Ducy {Stlth+}
rCorr   .            (gloves unavailable)
SInv    +            (boots unavailable)
Will    +....        i - amulet of guardian spirit
Stlth   ++           y - +4 ring of protection
HPRegen 1.37/turn    m - ring of Royalty {Contam rPois Dex+6 SInv}
MPRegen 0.16/turn

%: clarity, guardian spirit
@: no status effects
A: large, unfitting armour, claws 3, regeneration 1, shaggy fur 1, tough skin 1,
clarity
}: 2/15 runes: decaying, gossamer
a: Renounce Religion, Potion Petition, Call Merchant, Bribe Branch


You were on level 3 of the Elven Halls.
You worshipped Gozag.
Gozag was extremely pleased with you.
You visited 6 branches of the dungeon, and saw 32 of its levels.
You also visited: Gauntlet.

You collected 14209 gold pieces.
You spent 2065 gold pieces at shops.
You paid 1225 gold pieces to Gozag.

Inventory:

Hand Weapons
 r - the +8 demon trident "Rift" (weapon) {distort, reach+}
   (You found it on level 2 of the Dungeon)
 V - the +5 glaive of the Guard {elec, spectral, AC+5}
   (You found it in a Gauntlet)

   AC:        It affects your AC (+5).
Missiles
 g - 18 boomerangs (quivered)
 k - 26 poisoned darts
 F - 4 curare-tipped darts
 Y - 3 throwing nets
Armour
 J - the +3 cloak of Ducy (worn) {Stlth+}
   (You bought it in a shop on level 1 of the Dungeon)

   Stlth:     It makes you more stealthy.
 R - a +1 robe of fire resistance (worn)
 U - a +2 hat (worn)
 X - a +2 kite shield (worn)
Jewellery
 e - a ring of protection from fire
 i - an amulet of guardian spirit (around neck)
 m - the ring of Royalty (right claw) {Contam rPois Dex+6 SInv}
   (You found it in a Gauntlet)

   [ring of dexterity]

   Dex:       It affects your dexterity (+6).
   rPois:     It protects you from poison.
   SInv:      It lets you see invisible.
   Contam:    It causes magical contamination when unequipped.
 v - a ring of flight
 x - the ring "Uhimem" {Drain rC+++ Str+5 Dex+6}
   (You found it in a Gauntlet)

   [ring of dexterity]

   Str:       It affects your strength (+5).
   Dex:       It affects your dexterity (+6).
   rC:        It renders you almost immune to cold.
   Drain:     It drains your maximum health when unequipped.
 y - a +4 ring of protection (left claw)
Wands
 B - a wand of mindburst (32)
 G - a wand of digging (4)
 H - a wand of acid (19)
 L - a wand of iceblast (18)
 Q - a wand of paralysis (44)
 S - a wand of flame (23)
 T - a wand of polymorph (7)
Scrolls
 d - 5 scrolls of immolation
 h - 12 scrolls of fear
 p - 11 scrolls of teleportation
 u - 5 scrolls of blinking
 w - 6 scrolls of revelation
 A - 5 scrolls of vulnerability
 D - 6 scrolls of fog
 I - 2 scrolls of enchant armour
 K - 2 scrolls of torment
 N - 3 scrolls of summoning
 O - 4 scrolls of poison
 W - a scroll of silence
Potions
 a - 3 potions of invisibility
 b - 5 potions of lignification
 f - 11 potions of might
 j - 6 potions of mutation
 l - 11 potions of curing
 n - 8 potions of ambrosia
 o - 6 potions of haste
 q - 2 potions of attraction
 s - 10 potions of enlightenment
 t - 4 potions of resistance
 z - 2 potions of cancellation
 C - 3 potions of heal wounds
 M - 2 potions of berserk rage
 P - 7 potions of brilliance
Miscellaneous
 E - a tin of tremorstones (1/2)
 Z - a phantom mirror


   Skills:
 + Level 18.2 Fighting
 - Level 14.0 Polearms
 - Level 16.0 Throwing
 + Level 8.7 Dodging
 + Level 7.9 Shields
 - Level 3.0 Unarmed Combat
 + Level 9.5 Evocations
 - Level 9.0 Shapeshifting


You had 19 spell levels left.
You didn't know any spells.
Your spell library contained the following spells:

 Spells                   Type           Power      Damage    Failure   Level
 Foxfire                  Conj/Fire      0%         2x1d4     65%         1
 Magic Dart               Conj           0%         1d3       65%         1
 Shock                    Conj/Air       0%         1d3       65%         1
 Summon Small Mammal      Summ           0%         N/A       65%         1
 Blink                    Tloc           0%         N/A       80%         2
 Call Imp                 Summ           0%         N/A       80%         2
 Ensorcelled Hibernation  Hex/Ice        0%         N/A       80%         2
 Lesser Beckoning         Tloc           0%         N/A       80%         2
 Passwall                 Tmut/Erth      0%         N/A       80%         2
 Call Canine Familiar     Summ           0%         N/A       95%         3
 Dazzling Flash           Conj/Hex       0%         N/A       95%         3
 Gell's Gravitas          Tloc           0%         N/A       95%         3
 Mephitic Cloud           Conj/Pois/Air  0%         N/A       95%         3
 Ozocubu's Armour         Ice            0%         N/A       95%         3
 Summon Guardian Golem    Hex/Summ       0%         N/A       95%         3
 Swiftness                Air            0%         N/A       95%         3
 Teleport Other           Tloc           0%         N/A       95%         3
 Tukima's Dance           Hex            0%         N/A       95%         3
 Volatile Blastmotes      Fire/Tloc      0%         2d10      95%         3
 Airstrike                Air            0%         2d(0-16)  100%        4
 Anguish                  Hex/Necr       0%         N/A       100%        4
 Cause Fear               Hex            0%         N/A       100%        4
 Fulminant Prism          Conj/Hex       0%         3d5       100%        4
 Iskenderun's Mystic Bla  Conj/Tloc      0%         2d3       100%        4
 Manifold Assault         Tloc           0%         N/A       100%        4
 Olgreb's Toxic Radiance  Pois           0%         N/A       100%        4
 Passage of Golubria      Tloc           0%         N/A       100%        4
 Fireball                 Conj/Fire      0%         3d3       100%        5
 Iskenderun's Battlesphe  Conj           0%         2d6       100%        5
 Metabolic Englaciation   Hex/Ice        0%         N/A       100%        5
 Yara's Violent Unravell  Hex/Tmut       0%         3d3       100%        5
 Conjure Ball Lightning   Conj/Air       0%         3x3d6     100%        6
 Plasma Beam              Fire/Air       0%         2x1d10    100%        6
 Starburst                Conj/Fire      0%         6d3       100%        6
 Enfeeble                 Hex            0%         N/A       100%        7
 Haunt                    Necr/Summ      0%         N/A       100%        7
 Orb of Destruction       Conj           0%         9d5       100%        7
 Borgnjor's Revivificati  Necr           0%         N/A       100%        8
 Discord                  Hex            0%         N/A       100%        8
 Disjunction              Tloc           0%         N/A       100%        8
 Ignition                 Fire           0%         3d3       100%        8
 Infestation              Necr           0%         N/A       100%        8
 Maxwell's Capacitive Co  Air            0%         ∞         100%        8
 Death's Door             Necr           0%         N/A       100%        9
 Animate Dead             Necr           Unusable   N/A       N/A         4
 Simulacrum               Ice/Necr       Unusable   N/A       N/A         6

Dungeon Overview and Level Annotations

Branches:
Dungeon (14/15)            Temple (0/1) D:7            Lair (5/5) D:11
  Swamp (4/4) Lair:3       Spider (4/4) Lair:2        Slime (0/5) Lair:5
    Orc (2/2) D:11            Elf (3/3) Orc:2       Gauntlet (visited)
 Vaults: D:13-14

Altars:
Ashenzari
Cheibriados
Dithmenos
Gozag
Hepliaklqana
Kikubaaqudgha
Makhleb
Nemelex Xobeh
Okawaru
Qazlal
Ru
Sif Muna
Trog
Uskayaw
Vehumet
Wu Jian
Xom
Yredelemnul
Jiyva

Shops:
D:1 [   D:4 *   D:10 *   D:11 *   Orc:2 (!?[   Elf:1 *   Elf:2 **?

Annotations:
D:6 exclusions: 2 centaurs and 1 more exclusion
Lair:2 1 exclusion
Lair:5 1 runed translucent door
Elf:2 3 runed translucent doors, exclusion: obsidian statue, Starbright's ghost, adept FoVM
Abyss:1 Aizul, Grum, Kirke, Lernaean hydra, Rupert


Innate Abilities, Weirdness & Mutations

You are too large for most types of armour.
You have claws for hands.
Your natural rate of healing is unusually fast.
You are covered in fur. (AC +1)
You have tough skin. (AC +1)
You possess an exceptional clarity of mind.


Message History

The freezing blast misses you. You block the earth elemental's attack.
Throw: 18 boomerangs
Press: ? - help, Q - select action, (/) - cycle Shift-Dir - straight line, f/p - deep elf elementalist
Aim: a deep elf elementalist, wielding a +0 long sword and wearing a +0 leather armour (severely wounded, fast, repelling missiles, 38% to hit)
You throw a boomerang.
The boomerang barely misses the deep elf elementalist.
You are engulfed in freezing vapours.
The earth elemental hits you. The earth elemental hits you!
* * * LOW HITPOINT WARNING * * *
Okay, then.
You completely miss the earth elemental.
You are engulfed in freezing vapours.
You block the earth elemental's attack.
You impale the earth elemental!!
Space warps around the earth elemental.
You are engulfed in freezing vapours.
* * * LOW HITPOINT WARNING * * *
The earth elemental hits you!
* * * LOW HITPOINT WARNING * * *
You are engulfed in freezing vapours.
* * * LOW HITPOINT WARNING * * *
You block the earth elemental's attack.
Items here: $ ))) / = [[.
Unknown command.
The earth elemental closely misses you.
Unknown command.
You feel much better.
You completely miss the deep elf elementalist.
You block the deep elf elementalist's attack.
The earth elemental hits you!!
* * * LOW HITPOINT WARNING * * *
The earth elemental closely misses you.
You puncture the deep elf elementalist!
Space warps around the deep elf elementalist.
You block the deep elf elementalist's attack.
You block the earth elemental's attack.
You barely miss the deep elf elementalist.
The deep elf elementalist hits you with a +0 long sword.
* * * LOW HITPOINT WARNING * * *
The earth elemental hits you!!
You die...
Your body crumbles into a pile of gold.

##≈≈≈≈≈≈≈≈≈≈~≈≈≈≈≈≈≈≈≈≈≈≈≈≈≈ ..
############################
....#.........................).
⌠...'...........................
....###'####'#####'##########)##
. ##...#.....#.....#.......)..#
##....#.....#...[.'..........#
#+##.....'.....'.....#..........'
..#...#########.@e$...###########
..#...# #EEE#.#.# ..#...# #.E.#.#
..#...# #...#.# ..#...# ##..#$#
..'...# ####$# ..#...# #$#
..###'#


ee. ..#...# $ee You could see a deep elf elementalist (fast, repels missiles)
and 4 earth elementals.

Vanquished Creatures
  Nikola (Swamp:3)
  Arachne (Spider:1)
  Asterion (Spider:2)
  Mlioglotl (Swamp:1)
  2 deep elf master archers (Elf:3)
  A deep elf blademaster (Elf:3)
  A sphinx (Elf:2)
  A thorn hunter (Swamp:3)
  A fenstrider witch (Swamp:2)
  2 deep elf sorcerers (Elf:3)
  7 emperor scorpions
  2 ghost moths
  An orc warlord (Orc:1)
  4 deep elf elementalists (Elf:3)
  2 ghouls (Swamp:2)
  4 broodmothers
  7 deep elf annihilators
  4 deep elf demonologists (Elf:3)
  Nessos (Lair:3)
  6 eleionomae
  Azrael (Elf:2)
  2 bunyips (Swamp:3)
  8 deep elf death magi (Elf:3)
  2 ettins (Orc:2)
  2 deep elf high priests
  5 entropy weavers
  3 fire dragons (Elf:2)
  The ghost of Vomitron the Destroyer, a journeyman DrCj of Vehumet (D:10)
  Harold (Orc:1)
  17 hydras
  A catoblepas (Lair:5)
  3 centaur warriors
  2 ghost crabs
  The ghost of Raacer the Prestidigitator, a journeyman KoHu of Hepliaklqana (Lair:1)
  8 boulder beetles
  3 two-headed ogres
  2 radroaches
  23 dancing weapons
  15 death yaks
  2 tengu warriors (D:12)
  6 alligators
  4 demonic crawlers
  8 orc high priests
  Sonja (D:11)
  Amaemon (D:10)
  20 deep elf knights
  Nergalle (D:12)
  A skeletal warrior (D:13)
  A wretched star (Gauntlet)
  7 pharaoh ants
  3 skysharks
  3 sun moths
  2 goliath frogs
  3 orb spiders
  4 spriggan druids
  18 bog bodies
  12 deep elf archers
  6 harpies (Elf:2)
  14 swamp dragons
  29 deep elf pyromancers
  30 deep elf zephyrmancers
  11 steelbarb worms
  11 ugly things
  8 spectral spriggans (Swamp:2)
  2 orc sorcerers
  29 wolf spiders
  9 manticores
  3 will-o-the-wisps
  2 moths of wrath
  11 elephants
  3 cyclopes
  6 black mambas
  13 cane toads
  2 gargoyles
  5 torpor snails
  A cane toad (shapeshifter) (Elf:1)
  A minotaur zombie (Gauntlet)
  An unseen horror (D:11)
  A kobold demonologist (D:12)
  5 rime drakes
  2 freezing wraiths
  4 komodo dragons
  9 trolls
  7 meliai
  3 polar bears (Lair:5)
  2 bloated husks
  14 tyrant leeches
  8 blink frogs
  8 hornets
  38 tarantellas
  A hornet (shapeshifter) (Elf:2)
  9 dream sheep
  12 culicivoras
  7 air elementals
  A shadow (D:13)
  10 slime creatures
  18 spriggans
  4 wraiths
  34 yaks
  15 jumping spiders
  7 wyverns
  11 water elementals
  2 humans (D:14)
  2 vampires
  Eustachio (D:6)
  8 basilisks
  4 hogs (Swamp:2)
  A basilisk (shapeshifter) (D:14)
  A fire elemental (Elf:1)
  A golden eye (shapeshifter) (D:14)
  31 redbacks
  A neqoxec (Gauntlet)
  27 vampire mosquitoes
  9 swamp worms
  5 acid dragons
  12 wargs
  5 hell hounds (Elf:2)
  19 water moccasins
  10 swamp drakes
  An ice beast (D:7)
  A sky beast (D:7)
  20 orc warriors
  4 black bears
  8 ogres
  46 wolves
  4 boggarts (Lair:5)
  2 phantoms (D:5)
  7 centaurs
  2 kobold brigands
  A small abomination (Gauntlet)
  11 bullfrogs
  3 scorpions
  3 earth elementals
  A gnoll sergeant (D:8)
  8 wights
  4 spriggan skeletons (D:10)
  13 howler monkeys
  3 electric eels
  A troll skeleton (D:10)
  A jelly (D:8)
  2 lava snakes (D:12)
  4 hounds
  33 orc priests
  2 gnoll boudas (D:5)
  4 iguanas
  28 orc wizards
  2 scorpion zombies (D:4)
  7 hell rats (Lair:4)
  A howler monkey zombie (D:4)
  10 gnolls
  7 adders
  A white imp (D:6)
  An ufetubus (D:5)
  A worm (D:4)
  A dart slug (D:1)
  96 orcs
  4 bats
  7 endoplasms
  4 giant cockroaches
  3 goblins
  3 hobgoblins
  11 jackals
  15 kobolds
  5 quokkas
  6 ball pythons
  A frilled lizard (D:2)
  A jackal zombie (D:4)
  5 rats
  A fire vortex (D:12)
1223 creatures vanquished.

Vanquished Creatures (collateral kills)
  A deep elf knight (Elf:2)
1 creature vanquished.

Vanquished Creatures (others)
  A deep elf zephyrmancer (Elf:2)
  4 bloated husks
  A human (D:14)
  A redback (Spider:1)
  A swamp worm (Swamp:2)
  2 foxfires (Swamp:3)
10 creatures vanquished.

Grand Total: 1234 creatures vanquished

Notes
Turn   | Place    | Note
-------+----------+-------------------------------------------
     0 | D:1      | ragingrage the Troll Shapeshifter began the quest for the
                  | Orb.
     0 | D:1      | Reached XP level 1. HP: 19/19 MP: 0/0
   182 | D:1      | Reached XP level 2. HP: 28/28 MP: 1/1
   314 | D:1      | Found Xucobb's Armour Shoppe.
   402 | D:1      | Reached XP level 3. HP: 32/35 MP: 2/2
   827 | D:2      | Found the +8 demon trident "Rift" {distort, reach+}
   918 | D:2      | You fall into a shaft and drop 2 floors!
   978 | D:4      | Reached XP level 4. HP: 42/42 MP: 3/3
   992 | D:4      | Reached skill level 1 in Polearms
  1052 | D:4      | Found Gozag's Platinum Reserve.
  1060 | D:4      | Found an opulent altar of Gozag.
  1092 | D:4      | Became a worshipper of Gozag Ym Sagoz the Greedy
  1160 | D:4      | Reached XP level 5. HP: 49/49 MP: 4/4
  1235 | D:4      | Found a shadowy altar of Dithmenos.
  1980 | D:3      | Found a faded altar of an unknown god.
  1980 | D:3      | Found a faded altar of an unknown god.
  1987 | D:3      | Found a sparkling altar of Nemelex Xobeh.
  1989 | D:3      | Found a burning altar of Makhleb.
  1991 | D:3      | Found a sacrificial altar of Ru.
  2100 | D:4      | Reached XP level 6. HP: 57/57 MP: 5/5
  2174 | D:4      | Found a hide-covered altar of Uskayaw.
  2328 | D:4      | Found a basalt altar of Yredelemnul.
  2361 | D:5      | Entered Level 5 of the Dungeon
  2383 | D:5      | Reached skill level 5 in Shapeshifting
  2403 | D:5      | Reached XP level 7. HP: 53/63 MP: 6/6
  2673 | D:5      | Reached XP level 8. HP: 72/72 MP: 7/7
  2810 | D:5      | Reached skill level 5 in Polearms
  2902 | D:5      | Identified the +1 robe "Xeutaimm" {rF+}
  3269 | D:6      | Found a broken altar of Ashenzari.
  3272 | D:6      | Found an ancient bone altar of Kikubaaqudgha.
  3317 | D:6      | Found a shimmering blue altar of Sif Muna.
  3317 | D:6      | Found an iron altar of Okawaru.
  3319 | D:6      | Found a radiant altar of Vehumet.
  3320 | D:6      | Found a shimmering altar of Xom.
  3672 | D:6      | Noticed Eustachio
  3680 | D:6      | Killed Eustachio
  3734 | D:6      | Reached XP level 9. HP: 66/79 MP: 8/8
  4301 | D:7      | Found a staircase to the Ecumenical Temple.
  4719 | D:8      | Identified the +0 rapier of Ycheamush {heavy, Will++}
  4816 | D:8      | Found a bloodstained altar of Trog.
  4826 | D:8      | Noticed a two-headed ogre
  4830 | D:8      | Killed a two-headed ogre
  4859 | D:8      | Reached XP level 10. HP: 37/87 MP: 9/9
  5159 | D:1      | Bought the +3 cloak of Ducy {Stlth+} for 410 gold pieces
  5367 | D:2      | Found a faded altar of an unknown god.
  6503 | D:9      | Found a snail-covered altar of Cheibriados.
  6655 | D:9      | Reached skill level 10 in Polearms
  6773 | D:9      | Found an ornate altar of the Wu Jian Council.
  7098 | D:10     | Entered Level 10 of the Dungeon
  7308 | D:10     | Found Guaman's Assorted Antiques.
  7318 | D:10     | Bought a dark potion for 28 gold pieces
  7318 | D:10     | Bought a scroll labelled AQOTWODUKIR for 32 gold pieces
  7318 | D:10     | Bought a fizzy ruby potion for 28 gold pieces
  7532 | D:10     | Identified the +3 leather armour of the Slorg {Harm Will+}
  7649 | D:10     | Noticed a gargoyle
  7652 | D:10     | Found a hazy altar of Hepliaklqana.
  7652 | D:10     | Found a faded altar of an unknown god.
  7659 | D:10     | Killed a gargoyle
  7765 | D:10     | Found a stormy altar of Qazlal.
  7812 | D:10     | Found a runed translucent door.
  7812 | D:10     | Found a shimmering altar of Xom.
  7812 | D:10     | Noticed a +2 war axe of chaos
  7812 | D:10     | Noticed Vomitron's ghost (journeyman DrCj)
  8133 | D:11     | Noticed Amaemon
  8133 | D:11     | Noticed an orange demon
  8155 | D:10     | Killed Amaemon
  8156 | D:10     | Reached XP level 11. HP: 50/93 MP: 10/10
  8236 | D:11     | Noticed a red ugly thing
  8240 | D:11     | Killed a red ugly thing
  8276 | D:11     | Found a staircase to the Lair.
  8278 | D:11     | Noticed a boulder beetle
  8471 | D:11     | Found a staircase to the Orcish Mines.
  8524 | D:11     | Found a radiant altar of Vehumet.
  8628 | D:11     | Noticed Sonja
  8633 | D:11     | Killed Sonja
  8675 | D:11     | Killed a boulder beetle
  8681 | D:11     | Noticed Grum
  8697 | D:11     | Banished Grum
  9004 | D:11     | Found Fogoir's General Store.
  9294 | D:11     | Bought a scroll of poison for 48 gold pieces
  9360 | D:12     | Noticed a deep elf pyromancer
  9365 | D:12     | Killed a deep elf pyromancer
  9482 | D:12     | Noticed a centaur warrior
  9521 | Lair:1   | Entered Level 1 of the Lair of Beasts
  9538 | Lair:1   | Noticed a boulder beetle
  9558 | D:11     | Reached XP level 12. HP: 48/101 MP: 11/11
  9681 | Lair:1   | Killed a boulder beetle
  9682 | Lair:1   | Reached skill level 2 in Fighting
  9682 | Lair:1   | Reached skill level 1 in Evocations
  9772 | Lair:1   | Got Notoegg's Folio of the Vector
  9785 | Lair:1   | Reached skill level 3 in Fighting
  9842 | Lair:1   | Found a transporter.
  9862 | Lair:1   | Noticed Raacer's ghost (journeyman KoHu)
  9923 | Lair:1   | Found a transporter.
 10148 | Lair:1   | Noticed a boulder beetle
 10157 | Lair:1   | Killed a boulder beetle
 10379 | Lair:2   | Reached skill level 4 in Fighting
 10547 | Lair:2   | Found a hole to the Spider Nest.
 10632 | Lair:2   | Found a gate leading to a gauntlet.
 10642 | Gauntlet | Entered a Gauntlet
 10642 | Gauntlet | Found a transporter.
 10645 | Gauntlet | Found a transporter.
 10662 | Gauntlet | Found a transporter.
 10665 | Gauntlet | Found a transporter.
 10685 | Gauntlet | Found a transporter.
 10695 | Gauntlet | Found a transporter.
 10711 | Gauntlet | Found a transporter.
 10733 | Gauntlet | Found a transporter.
 10735 | Gauntlet | Found a transporter.
 10739 | Gauntlet | Found a runed translucent door.
 10743 | Gauntlet | Found a transporter.
 10750 | Gauntlet | Found a runed translucent door.
 10750 | Gauntlet | Noticed a death yak
 10750 | Gauntlet | Noticed a death yak
 10750 | Gauntlet | Noticed a death yak
 10750 | Gauntlet | Noticed a death yak
 10750 | Gauntlet | Noticed a death yak
 10756 | Gauntlet | Noticed a ghost crab
 10768 | Gauntlet | Found a transporter.
 10770 | Gauntlet | Found a transporter.
 10871 | Gauntlet | Killed a death yak
 10872 | Gauntlet | Reached skill level 5 in Fighting
 10872 | Gauntlet | Killed a death yak
 10878 | Gauntlet | Killed a death yak
 10884 | Gauntlet | Killed a death yak
 10898 | Gauntlet | Killed a death yak
 10928 | Gauntlet | Identified the ring of Royalty {Contam rPois Dex+6 SInv}
 10949 | Gauntlet | Gained mutation: You have hidden genetic defects. [a
                  | neqoxec]
 10950 | Gauntlet | Reached skill level 6 in Fighting
 10950 | Gauntlet | Reached skill level 5 in Evocations
 10983 | Gauntlet | Identified the ring "Uhimem" {Drain rC+++ Str+5 Dex+6}
 10987 | Gauntlet | Lost mutation: You have hidden genetic defects. [potion of
                  | mutation]
 10987 | Gauntlet | Lost intelligence.
 10987 | Gauntlet | Gained mutation: You are agile. (Dex +4, Str/Int -1)
                  | [potion of mutation]
 10987 | Gauntlet | Gained mutation: You possess an exceptional clarity of
                  | mind. [potion of mutation]
 11026 | Gauntlet | Found the +5 glaive of the Guard {elec, spectral, AC+5}
 11026 | Gauntlet | Identified the +10 orcbow of Distant Shores {flame, Fragile
                  | rF+ rN+ Will+}
 11026 | Gauntlet | Noticed a minotaur
 11031 | Gauntlet | Banished a minotaur
 11209 | Lair:2   | Reached skill level 7 in Fighting
 11255 | Lair:2   | Reached XP level 13. HP: 124/124 MP: 10/10
 11617 | Lair:3   | Noticed Nessos
 11620 | Lair:3   | Killed Nessos
 11811 | Lair:3   | Found a staircase to the Swamp.
 11820 | Lair:3   | Reached skill level 8 in Fighting
 12133 | Lair:3   | Reached skill level 9 in Fighting
 12584 | Lair:4   | Reached skill level 10 in Fighting
 12766 | Lair:4   | Reached skill level 11 in Fighting
 13363 | Lair:5   | Entered Level 5 of the Lair of Beasts
 13434 | Lair:5   | Noticed Rupert
 13475 | Lair:5   | Reached XP level 14. HP: 148/148 MP: 13/13
 13687 | Lair:5   | Reached skill level 12 in Fighting
 13715 | Lair:5   | Reached skill level 1 in Throwing
 13814 | Lair:5   | Paralysed by Rupert for 2 turns
 13816 | Lair:5   | Banished Rupert
 14041 | Lair:5   | Found a runed translucent door.
 14042 | Lair:5   | Found a viscous altar of Jiyva.
 14042 | Lair:5   | Found a staircase to the Slime Pits.
 15241 | Orc:1    | Entered Level 1 of the Orcish Mines
 15258 | Orc:1    | Reached skill level 5 in Throwing
 15361 | Orc:1    | Noticed an orc warlord
 15445 | Orc:1    | Killed an orc warlord
 15698 | D:10     | Bought a transparent kite shield for 304 gold pieces
 15698 | D:10     | Identified the -1 kite shield of Fedhas's Delight {rPois
                  | Dex+4} (You bought it in a shop on level 10 of the Dungeon)
 15936 | Orc:1    | Reached skill level 1 in Shields
 16155 | Orc:1    | Noticed Harold
 16187 | Orc:1    | Killed Harold
 16295 | Orc:2    | Entered Level 2 of the Orcish Mines
 16421 | Orc:2    | Reached XP level 15. HP: 158/158 MP: 12/14
 16565 | Orc:2    | Found Emefuori's Magic Scroll Emporium.
 16565 | Orc:2    | Found Neg Ydoa's Antique Armour Shop.
 16584 | Orc:2    | Bought a scroll of noise for 15 gold pieces
 16586 | Orc:2    | Bought a scroll of fear for 60 gold pieces
 16595 | Orc:2    | Bought a crude robe for 108 gold pieces
 16595 | Orc:2    | Identified the +0 robe "Heegohir" {Str+3} (You bought it in
                  | a shop on level 2 of the Orcish Mines)
 16735 | Orc:2    | Found Extiv's Antique Weapon Emporium.
 16816 | Orc:2    | Found Mory's Distillery.
 16830 | Orc:2    | Reached skill level 13 in Fighting
 16863 | Orc:2    | Bought 2 potions of haste for 280 gold pieces
 16863 | Orc:2    | Bought a potion of enlightenment for 70 gold pieces
 16863 | Orc:2    | Bought a potion of cancellation for 112 gold pieces
 17115 | Orc:2    | Found a staircase to the Elven Halls.
 17582 | D:12     | Noticed Nergalle
 18096 | D:12     | Killed Nergalle
 18676 | D:13     | Reached skill level 14 in Fighting
 19410 | D:14     | HP: 4/165 [boulder beetle (22)]
 19966 | D:14     | Reached skill level 15 in Fighting
 20258 | D:14     | Reached skill level 5 in Shields
 20952 | D:10     | Killed Vomitron's ghost
 21079 | Lair:1   | Killed Raacer's ghost
 21240 | Lair:1   | Identified the amulet of Doywnuha {RegenMP Will+ rCorr}
 21342 | Swamp:1  | Entered Level 1 of the Swamp
 21342 | Swamp:1  | Noticed a fenstrider witch
 21473 | Swamp:1  | Noticed Mlioglotl
 21474 | Swamp:1  | Noticed a revenant
 21639 | Swamp:1  | Noticed a bone dragon
 21640 | Swamp:1  | Killed Mlioglotl
 21852 | Swamp:1  | Reached XP level 16. HP: 176/176 MP: 15/15
 22415 | Swamp:2  | Paralysed by a fenstrider witch for 5 turns
 22488 | Swamp:2  | Noticed Aizul
 22552 | Swamp:2  | Banished Aizul
 23515 | Swamp:2  | Noticed Kirke
 23522 | Swamp:2  | Banished Kirke
 23619 | Swamp:2  | Reached skill level 10 in Throwing
 23871 | Swamp:3  | Noticed Nikola
 24151 | Swamp:3  | Killed Nikola
 24417 | Swamp:3  | Noticed a thorn hunter
 24429 | Swamp:3  | Killed a thorn hunter
 24815 | Swamp:4  | Entered Level 4 of the Swamp
 24857 | Swamp:4  | Reached skill level 16 in Fighting
 25049 | Swamp:4  | Noticed the 27-headed Lernaean hydra
 25057 | Swamp:4  | Banished the 27-headed Lernaean hydra
 25058 | Swamp:4  | Reached XP level 17. HP: 187/187 MP: 16/16
 25147 | Swamp:4  | Got a decaying rune of Zot
 26081 | Spider:1 | Entered Level 1 of the Spider Nest
 26915 | Spider:1 | Reached skill level 17 in Fighting
 27378 | Spider:2 | Noticed Asterion
 27921 | Spider:2 | Noticed Arachne
 28333 | Spider:1 | Killed Arachne
 28680 | Spider:2 | Lost mutation: You are agile. (Dex +4, Str/Int -1) [a
                  | cacodemon]
 28689 | Spider:2 | Killed Asterion
 29271 | Spider:2 | Reached XP level 18. HP: 190/201 MP: 17/17
 30774 | Spider:4 | Entered Level 4 of the Spider Nest
 31208 | Spider:4 | Reached skill level 18 in Fighting
 31857 | Spider:4 | Got a gossamer rune of Zot
 32889 | Elf:1    | Entered Level 1 of the Elven Halls
 33392 | Elf:1    | Paralysed by an air elemental for 1 turns
 33396 | Elf:1    | Paralysed by an air elemental for 1 turns
 33548 | Elf:1    | Paralysed by an air elemental for 1 turns
 33583 | Elf:1    | Found Taighon's General Store.
 33592 | Elf:1    | Bought a potion of curing for 33 gold pieces
 33592 | Elf:1    | Bought a potion of curing for 33 gold pieces
 34154 | Elf:1    | Paralysed by an air elemental for 1 turns
 34700 | Elf:2    | Found a runed translucent gate.
 34700 | Elf:2    | Found a runed translucent gate.
 34700 | Elf:2    | Found a runed translucent gate.
 34705 | Elf:2    | Found an opulent altar of Gozag.
 34706 | Elf:2    | Found Fat Tego's Assorted Antiques.
 34707 | Elf:2    | Found Ungaifets's Assorted Antiques.
 34707 | Elf:2    | Noticed Starbright's ghost (adept FoVM)
 34830 | Elf:2    | Found Gogin's Magic Scroll Shoppe.
 34834 | Elf:2    | Bought a scroll of blinking for 120 gold pieces
 34834 | Elf:2    | Bought a scroll of fear for 64 gold pieces
 34834 | Elf:2    | Bought a scroll of blinking for 120 gold pieces
 34834 | Elf:2    | Bought a scroll of summoning for 152 gold pieces
 34834 | Elf:2    | Bought a scroll of teleportation for 48 gold pieces
 35005 | Elf:2    | Reached skill level 15 in Throwing
 35290 | Elf:2    | Reached skill level 5 in Dodging
 35292 | Elf:2    | Reached XP level 19. HP: 158/211 MP: 13/18
 35942 | Elf:2    | Found a runed translucent gate.
 35943 | Elf:2    | Found a runed translucent gate.
 35943 | Elf:2    | Found a runed translucent gate.
 35986 | Elf:2    | Noticed Azrael
 35996 | Elf:2    | Killed Azrael
 36569 | Elf:3    | Entered Level 3 of the Elven Halls
 36630 | Elf:3    | Identified the +1 leather armour of Conscience {rN+ MP+9
                  | Int-5}
 37363 | Elf:3    | Noticed a Brimstone Fiend
 37870 | Elf:3    | Reached XP level 20. HP: 91/221 MP: 9/19
 37883 | Elf:3    | Identified the ring "Afaja" {Will+ Stlth+}
 37983 | Elf:3    | Mangled by an earth elemental

Illustrated notes

Levels and vault maps discovered:
D:1:      mushboom_english_gardens, layout_loops_ring, serial_shops,
          shop_fountains, hangedman_decor_growths
D:2:      layout_rooms, dreamdust_ecumenical_altar_hidden_monk_grotto,
          feat_on_display
D:3:      layout_loops_ring, chequers_temple_overflow_minitemple
D:4:      layout_loops_cross, nicolae_gozag_zags_fifth_avenue,
          kennysheep_mini_moat, nicolae_uskayaw_suspiria,
          nicolae_yredelemnul_corpse_copse
D:5:      layout_basic, minmay_starry_boxes
D:6:      layout_basic, good_gods_mini_temple, grunt_temple_overflow_open,
          enter_ossuary_2, centaur_isle, uniq_edmund, uniq_eustachio
D:7:      layout_loops_ring, minmay_temple_entry_junction
D:8:      layout_basic, pf_just_have_faith, kennysheep_generic_room_7
D:9:      layout_long_grid, pdpol_wu_jian_five_deadly_venoms,
          mainiacjoe_overflow_concentric_impassable, minmay_misc_feat_cross
D:10:     layout_irregular_city, beargit_hepliaklqana_dungeon_heroes,
          mainiacjoe_overflow_chevrons, ebering_ghost_xom, serial_shops,
          nicolae_shop_stone, hangedman_tell_no_tales
D:11:     layout_long_grid, minmay_lair_entry_grove, orc_0_dummy, serial_shops,
          nicolae_shop_pleasant_corner_grove, vehumet_altar_wand_db,
          uniq_amaemon, uniq_grum, uniq_sonja
D:12:     layout_basic, kennysheep_dice, uniq_nergalle
D:13:     layout_small_grid, kennysheep_generic_room_10
D:14:     minmay_bubble_buster, layout_small_grid, ximxim_vaults_locker_room,
          water_boxes_lemuel
Lair:1:   layout_hall_layers, gammafunk_ghost_berserking_beasts
Lair:2:   layout_long_grid, spider_nest_entry_web_field, serial_forest,
          infiniplex_forest_lined_1, infiniplex_forest_straight_2,
          infiniplex_forest_clump_double, infiniplex_forest_lined_corner,
          infiniplex_forest_clump_tiny, gauntlet_entry_generic
Lair:3:   layout_roguey, swamp_mist_pool, grunt_megastairs_3,
          serial_bayou_shore_b, uniq_nessos
Lair:4:   layout_loops_ring
Lair:5:   minmay_lair_end_enchanted_forest, layout_regular_city, slime_entry_2,
          eino_small_chamber_without_monster, lemuel_old_faithful, uniq_rupert
Swamp:1:  layout_basic_swamp, nicolae_swamp_oxbows, uniq_mlioglotl
Swamp:2:  nicolae_swamp_flooded_prison, layout_basic_swamp,
          nicolae_swamp_round_clearing, swamp_pool3, infiniplex_staircase_pool,
          uniq_kirke, uniq_aizul
Swamp:3:  nicolae_swamp_ascending_descending_big, layout_basic_swamp,
          evilmike_swamp_ruin_house_1, swamp_pool5, uniq_nikola
Swamp:4:  grunt_swamp_rune_castle, layout_basic_swamp,
          nicolae_swamp_orc_logging_accident, swamp_pool1,
          nicolae_swamp_spriggan_camp, infiniplex_staircase_pool_2
Spider:1: layout_spider_delve, drop_trap, nicolae_spider_swamp_cousins
Spider:2: layout_spider_delve, nicolae_arachne_temple, uniq_asterion
Spider:3: layout_cave_pods
Spider:4: hellmonk_spider_rune_bug_friends
Orc:1:    cheibrodos_orc_guarddog, layout_diamond_mine, uniq_harold
Orc:2:    st_orc_town, layout_caves
Elf:1:    eino_elf_arrival_the_gate, layout_loops_corners, serial_aquarium,
          aquarium_bridge_square [aquarium_subvault_bridge,
          aquarium_subvault_bridge, aquarium_subvault_window,
          aquarium_subvault_wall], aquarium_window_3, aquarium_window_fake,
          aquarium_view_2e, aquarium_view_2g, aquarium_pool_1, serial_shops,
          shop, minivault_28, minmay_misc_feat_ornament
Elf:2:    nicolae_elf_blades_splatter_lattice
          [nicolae_blade_entry_area_security], layout_geoelf_diagonals,
          special_room [special_room_mythical_zoo], ebering_ghost_gozag,
          serial_shops, nicolae_shop_pleasant_corner_grove,
          serial_sigils_hangedman_snap, uniq_azrael
Elf:3:    elf_hall, layout_geoelf_castle, serial_glass, glass_columns_a,
          glass_columns_a

Skill      XL: |  1  2  3  4  5  6  7  8  9 10 11 12 13 14 15 16 17 18 19 |
---------------+----------------------------------------------------------+-----
Unarmed Combat | 3 |  3.0
Polearms       | 1 2 3 4 6 8 11 13 14 | 14.0
Shapeshifting  | 4 5 6 7 9 |  9.0
Fighting       | 7 11 12 15 16 17 18 | 18.2
Evocations     | 5 6 7 9 |  9.5
Throwing       | 5 6 10 13 15 16 | 16.0
Shields        | 2 6 7 |  7.9
Dodging        | 5 8 |  8.7

Action                     |  1- 3 |  4- 6 |  7- 9 | 10-12 | 13-15 | 16-18 | 19-21 || total
---------------------------+-------+-------+-------+-------+-------+-------+-------++-------
  Melee: Unarmed           |    57 |       |       |       |       |       |       ||    57
         Demon trident     |    11 |    93 |   151 |   485 |  1169 |  1548 |   483 ||  3940
         Punch             |       |     1 |       |     8 |     7 |       |       ||    16
  Throw: Javelin           |       |       |       |       |     3 |       |     5 ||     8
         Boomerang         |       |       |       |       |       |    58 |    34 ||    92
         Dart              |       |       |       |       |       |    40 |       ||    40
 Invoke: Potion Petition   |       |       |       |       |     2 |       |       ||     2
Ability: Begin Untransform |       |       |     1 |       |       |       |       ||     1
  Evoke: Wand              |       |       |       |     5 |       |     5 |    14 ||    24
         Tin of tremorston |       |       |       |       |       |     1 |     2 ||     3
         Phantom mirror    |       |       |       |       |       |       |     1 ||     1
    Use: Potion            |       |       |       |     4 |     2 |     3 |     3 ||    12
         Scroll            |       |       |       |    12 |     7 |    11 |     1 ||    31
   Stab: Sleeping          |       |     3 |     3 |    17 |    37 |    24 |     6 ||    90
         Distracted        |       |       |     1 |     3 |    28 |    18 |     4 ||    54
         Invisible         |       |       |       |     6 |     5 |       |       ||    11
         Held in net/web   |       |       |       |       |       |     3 |       ||     3
 Armour: Animal skin       |    18 |    13 |     3 |       |       |       |       ||    34
         Robe              |       |       |    11 |    56 |    85 |   293 |    58 ||   503
         Skin              |       |       |       |    13 |     2 |       |       ||    15
  Dodge: Dodged            |    24 |    23 |    47 |    66 |   131 |   242 |    72 ||   605
  Block: Kite shield       |       |       |       |       |   109 |   427 |   117 ||   653

Table legend: (Time is in decaauts)
 A = Elapsed time spent in this place.
 B = Non-inter-level travel time spent in this place.
 C = Inter-level travel time spent in this place.
 D = Time resting spent in this place.
 E = Time spent auto-exploring this place.
 F = Levels seen in this place.
 G = Mean time per level.
                   A        B        C        D        E       F      G
               +--------+--------+--------+--------+--------+-----+--------+
         Total |  36866 |  33060 |   3806 |   4357 |  21442 |  33 | 1117.2 |
       Dungeon |  13403 |  11376 |   2027 |    715 |   8498 |  14 |  957.4 |
          Lair |   5643 |   5024 |    619 |    448 |   3411 |   5 | 1128.6 |
         Swamp |   4424 |   4241 |    183 |    715 |   2488 |   4 | 1106.0 |
   Spider Nest |   6455 |   5873 |    582 |   1292 |   3353 |   4 | 1613.8 |
  Orcish Mines |   2010 |   1702 |    308 |     31 |   1234 |   2 | 1005.0 |
   Elven Halls |   4493 |   4407 |     86 |   1080 |   2280 |   3 | 1497.7 |
      Gauntlet |    435 |    435 |      0 |     73 |    178 |   1 |  435.0 |
               +--------+--------+--------+--------+--------+-----+--------+

Top non-repeatable levels by time:
Spider:1: 2287 daAuts
   Elf:2: 1726 daAuts
  Lair:5: 1575 daAuts
    D:11: 1543 daAuts
 Swamp:2: 1513 daAuts
Spider:3: 1479 daAuts
Spider:4: 1464 daAuts
   Elf:1: 1449 daAuts
    D:10: 1379 daAuts
   Elf:3: 1317 daAuts
Spider:2: 1224 daAuts
  Lair:1: 1083 daAuts
  Lair:3: 1055 daAuts
 Swamp:3: 1052 daAuts
 Swamp:4: 1032 daAuts
